Map: Neon Violet Square LE

Players

iPlayDefense

  • Race: Terran Terran
  • Spawn Location: 11:00

VOD

Have the link to the VOD?

Description

Time

  • Played on: April 11, 2025, 2:34 p.m.
  • Length: 5:28
Show
View Real Time Build Order
Export as new Build Order

iPlayDefense Terran 

Build Orders:  

Get SALT Encoding   

  12  0:02  SCV  
  13  0:19  SCV  
  14  0:27  Supply Depot  
  14  0:44  Refinery  
  14  0:46  SCV  
  15  1:03  SCV  
  15  1:05  Barracks  
  16  1:15  Refinery  
  16  1:27  SCV  
  17  1:49  Barracks  
  17  2:17  Orbital Command  
  17  2:19  Supply Depot  
  17  2:20  Barracks Reactor  
  17  2:58  SCV  
  18  3:04  Barracks Tech Lab  
  18  3:15  SCV  
  19  3:25  Barracks  
  19  3:32  SCV  
  19  3:35  Unknown  
  20  3:49  SCV  
  21  4:06  SCV  
  22  4:26  Marine  
  22  4:27  Marine  
  24  4:41  Supply Depot  
  24  4:49  Barracks Tech Lab  
  24  4:51  Marine x2  
  26  5:14  Supply Depot  
  28  5:24  Command Center  
Tags
 
Add a new tag
Caveats
  • Supply blocks, unpowered buildings, or Contaminate may cause inaccurate times.
  • Supply counts are checked every 10 seconds.